 Dungeon Crawl Stone Soup version 0.29-a0-416-g83a48905f1 (webtiles) character file.

Game seed: 17716780175293535328

10770 croobank the Covert (level 11, -11/72 HPs)
             Began as an Octopode Fire Elementalist on May 16, 2022.
             Was an Initiate of Gozag.
             Mangled by a minotaur
             ... wielding a +8 double sword of holy wrath
              (19 damage)
             ... in a Gauntlet.
             The game lasted 01:06:59 (19436 turns).

croobank the Covert (Octopode Fire Elementalist)   Turns: 19436, Time: 01:07:05

Health: -11/72     AC:  1    Str: 10    XL:     11   Next: 67%
Magic:  12/20      EV: 19    Int: 26    God:    Gozag
Gold:   226        SH:  4    Dex: 12    Spells: 1/23 levels left

rFire   + + .      SeeInvis .   U - +11 flail of Reinforcement {spect, Stlth+}
rCold   . . .      Faith    .   z - +1 buckler
rNeg    . . .      Spirit   .   (helmet restricted)
rPois   +          Reflect  .   W - amulet of the acrobat
rElec   +          Harm     .   l - +4 ring of evasion
rCorr   +          Rampage  .   j - ring of willpower
Will    +++..      NoTele   +   B - ring of flight
Stlth   ++++++....              H - ring of willpower
HPRegen 0.22/turn               L - ring "Deibb" {Fire rElec rCorr Int+4 Slay-3}
MPRegen 0.17/turn               X - ring of willpower
                                (no ring)
                                (no ring)

@: resistant, attractive, flying, very slightly contaminated
A: almost no armour, amphibious, 8 rings, camouflage 1, gelatinous body 1,
(nimble swimmer 1), tentacles, poison resistance, strong 1
a: Renounce Religion, Potion Petition, Call Merchant, Bribe Branch


You were in a Gauntlet.
You worshipped Gozag.
Gozag was aware of your devotion.
You visited 3 branches of the dungeon, and saw 12 of its levels.
You also visited: Gauntlet.

You collected 1854 gold pieces.
You spent 105 gold pieces at shops.
You paid 1523 gold pieces to Gozag.

Inventory:

Hand Weapons
 v - a +0 falchion of flaming
 x - a +1 antimagic flail
 F - a +0 halberd of freezing
 I - a +4 quarterstaff of chaos
 J - a +0 short sword of flaming
 N - a +3 trident of venom
 P - a +3 dagger of electrocution
 Q - a +3 great sword
 U - the +11 flail of Reinforcement (weapon) {spect, Stlth+}
   (You found it on level 9 of the Dungeon)

   When its wielder attacks, the weapon's spirit leaps out and strikes again.
   The spirit shares a part of any damage it takes with its wielder.
   Stlth:     It makes you more stealthy.
Missiles
 d - 365 stones
 e - a throwing net
 n - 2 javelins
 r - 4 poisoned darts
 A - 8 boomerangs
 O - a curare-tipped dart
Armour
 z - a +1 buckler (worn)
Jewellery
 j - a ring of willpower (right tentacle)
 l - a +4 ring of evasion (left tentacle)
 m - an amulet of guardian spirit
 B - a ring of flight (on tentacle)
 H - a ring of willpower (on tentacle)
 L - the ring "Deibb" (on tentacle) {Fire rElec rCorr Int+4 Slay-3}
   (You found it on level 7 of the Dungeon)

   [ring of fire]

   It enhances your fire magic.
   Int:       It affects your intelligence (+4).
   Slay:      It affects your accuracy & damage with ranged weapons and melee
   (-3).
   rF:        It protects you from fire.
   rC:        It makes you vulnerable to cold.
   rElec:     It insulates you from electricity.
   rCorr:     It protects you from acid and corrosion.
 W - an amulet of the acrobat (around mantle)
 X - a ring of willpower (on tentacle)
Wands
 i - a wand of polymorph (17)
 q - a wand of flame (43)
 s - a wand of acid (12)
 T - a wand of digging (8)
 V - a wand of paralysis (5)
 Z - a wand of iceblast (5)
Scrolls
 f - 3 scrolls of immolation
 g - 2 scrolls of fog
 u - 2 scrolls of magic mapping
 K - 3 scrolls of teleportation
 M - a scroll of amnesia {unknown}
 R - 4 scrolls of fear {unknown}
Potions
 h - 2 potions of flight
 k - 5 potions of resistance
 o - a potion of brilliance
 p - 4 potions of mutation
 G - 2 potions of magic
 S - 2 potions of berserk rage


   Skills:
 - Level 5.2 Fighting
 + Level 7.6 Dodging
 - Level 10.3 Stealth
 - Level 6.6 Spellcasting
 - Level 7.0 Conjurations
 + Level 1.8 Summonings
 + Level 1.7 Translocations
 - Level 7.6 Fire Magic
 - Level 7.9 Poison Magic


You had one spell level left.
You knew the following spells:

 Your Spells              Type           Power      Damage    Failure   Level
a - Foxfire               Conj/Fire      100%       2x1d9     1%          1
b - Scorch                Fire           100%       2d10      1%          2
c - Flame Wave            Conj/Fire      63%        2d12      4%          4
d - Mephitic Cloud        Conj/Pois/Air  34%        N/A       3%          3
e - Iskenderun's Mystic   Conj/Tloc      31%        2d8       14%         4
f - Call Canine Familiar  Summ           18%        N/A       13%         3
g - Olgreb's Toxic Radia  Pois           49%        N/A       3%          4
h - Slow                  Hex            32%        N/A       9%          1

Your spell library contained the following spells:

 Spells                   Type           Power      Damage    Failure   Level
 Sting                    Tmut/Pois      100%       1d8       1%          1
 Conjure Flame            Conj/Fire      63%        6-21      1%          3
 Poisonous Vapours        Pois/Air       58%        N/A       2%          2
 Inner Flame              Hex/Fire       42%        N/A       5%          3
 Spider Form              Tmut/Pois      29%        N/A       5%          3
 Dazzling Flash           Conj/Hex       52%        N/A       6%          3
 Portal Projectile        Hex/Tloc       26%        N/A       19%         3
 Confusing Touch          Hex            8%         N/A       26%         3
 Vampiric Draining        Necr           8%         2d6       26%         3
 Starburst                Conj/Fire      31%        6d10      54%         6
 Leda's Liquefaction      Hex/Erth       4%         N/A       65%         4
 Manifold Assault         Tloc           17%        N/A       75%         5
 Conjure Ball Lightning   Conj/Air       13%        3x3d6     97%         6
 Discord                  Hex            4%         N/A       100%        8
 Disjunction              Tloc           8%         N/A       100%        8


Dungeon Overview and Level Annotations

Branches:
Dungeon (10/15)            Temple (1/1) D:5            Lair (1/6) D:9
Gauntlet (1/1)
    Orc: D:9-12

Altars:
Ashenzari
Cheibriados
Dithmenos
Elyvilon
Fedhas
Gozag
Hepliaklqana
Kikubaaqudgha
Makhleb
Nemelex Xobeh
Okawaru
Qazlal
Ru
Sif Muna
Trog
Uskayaw
Vehumet
Wu Jian
Xom
Yredelemnul
Zin
The Shining One

Shops:
D:4 *   D:5 [

Annotations:
D:9 1 runed translucent door, domi's ghost, novice DsWz Gauntlet 8 transporters, 2 runed translucent doors


Innate Abilities, Weirdness & Mutations

You cannot wear most types of armour.
You are amphibious.
You can wear up to eight rings at the same time.
Your skin changes colour to match your surroundings (Stealth+).
Your rubbery body absorbs attacks. (AC +1, EV +1)
((You are camouflaged when in or above water. (Stealth+)))
You have tentacles for arms and can constrict up to eight enemies at once.
Your system is resistant to poisons. (rPois)
Your muscles are strong. (Str +2)


Message History

You flicker for a moment.
It was a potion of attraction.
You feel attractive to monsters.
You reach down and open the door.
You flicker back into view.
A minotaur comes into view.
It is wielding a +8 double sword of holy wrath and quivering silver javelins.
Found a thin smoking staff.
Found a gate leading back out of this place.
The minotaur is attracted toward you.
There is an open door here.
The minotaur bellows!
You hit the minotaur. You grab the minotaur. Your squeeze misses the minotaur.
The minotaur is lightly wounded.
You constrict the minotaur, but do no damage.
The minotaur closely misses you. The minotaur gores you!
Casting: Iskenderun's Mystic Blast (dangerous; 14% risk of failure)
Confirm with . or Enter, or press ? or * to list all spells.
You erupt in a blast of force!
The mystic blast hits the minotaur but does no damage.
The minotaur is lightly wounded.
You constrict the minotaur.
The minotaur hits you with a +8 double sword of holy wrath!!
* * * LOW HITPOINT WARNING * * *
The minotaur closely misses you.
Okay, then.
Casting: Iskenderun's Mystic Blast (dangerous; 14% risk of failure)
Confirm with . or Enter, or press ? or * to list all spells.
You don't know that spell.
Casting: Iskenderun's Mystic Blast (dangerous; 14% risk of failure)
Confirm with . or Enter, or press ? or * to list all spells.
Okay, then.
Casting: Iskenderun's Mystic Blast (dangerous; 14% risk of failure)
Confirm with . or Enter, or press ? or * to list all spells.
You erupt in a blast of force!
The mystic blast hits the minotaur but does no damage.
The minotaur is lightly wounded.
You constrict the minotaur.
The minotaur hits you with a +8 double sword of holy wrath!!
You die...
Your body crumbles into a pile of gold.

###+## ##..⌠.# '⌠...# ...⌠+ ∩..
#H# #######@######
#.............# #.###.###.###.#
#.............# ###.###.###.##
###.###.###.### #.............#
##...©.©.©...##
############..8.8.8..############


You could see a minotaur.

Vanquished Creatures
  Snorg (D:10)
  A ghost crab (Gauntlet)
  A cane toad (Lair:1)
  A gargoyle (D:10)
  A komodo dragon (Lair:1)
  A meliai (Gauntlet)
  2 wyverns
  15 yaks
  A steam dragon (D:8)
  10 orc warriors
  3 black bears
  An ice beast (D:7)
  3 sky beasts
  An ogre (D:6)
  3 centaurs
  A kobold brigand (D:8)
  5 bullfrogs
  2 necrophages
  4 gnoll sergeants
  4 scorpions
  9 wights
  6 killer bees (D:8)
  5 howler monkeys
  3 hounds
  16 orc priests
  Crazy Yiuf (D:2)
  3 jellies
  3 iguanas
  16 orc wizards
  Robin (D:2)
  4 adders
  45 gnolls
  2 shadow imps
  2 white imps
  2 worms
  A dart slug (D:4)
  58 orcs
  2 bats
  7 endoplasms
  3 giant cockroaches
  18 goblins
  7 hobgoblins
  19 jackals
  A quokka (D:3)
  7 ball pythons
  A frilled lizard (D:2)
  13 kobolds
  5 rats
321 creatures vanquished.

Vanquished Creatures (collateral kills)
  A meliai (Gauntlet)
  A foxfire (D:9)
2 creatures vanquished.

Vanquished Creatures (others)
  380 foxfires
  6 fungi
  17 plants
403 creatures vanquished.

Grand Total: 726 creatures vanquished

Notes
Turn   | Place    | Note
-------+----------+-------------------------------------------
     0 | D:1      | croobank the Octopode Fire Elementalist began the quest for
                  | the Orb.
     0 | D:1      | Reached XP level 1. HP: 11/11 MP: 3/3
   176 | D:1      | Found a faded altar of an unknown god.
   628 | D:1      | Reached XP level 2. HP: 17/17 MP: 3/5
   631 | D:1      | Learned a level 2 spell: Scorch
   685 | D:1      | Reached skill level 3 in Stealth
  1592 | D:2      | Found a runed translucent door.
  1695 | D:2      | Noticed Crazy Yiuf
  1822 | D:2      | Noticed Robin
  1830 | D:2      | Reached XP level 3. HP: 19/21 MP: 6/6
  2660 | D:3      | Found a radiant altar of Vehumet.
  3264 | D:2      | Reached XP level 4. HP: 27/27 MP: 4/7
  3270 | D:2      | Killed Robin
  3553 | D:3      | Reached skill level 4 in Stealth
  3553 | D:3      | Reached XP level 5. HP: 18/31 MP: 0/9
  4318 | D:4      | Reached XP level 6. HP: 33/36 MP: 5/10
  5105 | D:4      | Reached skill level 5 in Stealth
  5470 | D:4      | Reached XP level 7. HP: 41/41 MP: 5/11
  6473 | D:4      | Reached skill level 6 in Stealth
  6697 | D:4      | Got Miqev's Compendium of Nocuous Orientation
  6824 | D:4      | Reached XP level 8. HP: 45/46 MP: 10/13
  6943 | D:4      | Reached skill level 5 in Fire Magic
  7102 | D:4      | Found a hide-covered altar of Uskayaw.
  7172 | D:4      | Found Cymoho Pooma's General Store.
  7178 | D:4      | Bought a scroll of blinking for 105 gold pieces
  7301 | D:4      | Learned a level 4 spell: Flame Wave
  7318 | D:5      | Entered Level 5 of the Dungeon
  8079 | D:5      | Found Saenwoj's Antique Armour Shop.
  8186 | D:5      | Learned a level 3 spell: Mephitic Cloud
  8250 | D:5      | Gained mutation: Your system is resistant to poisons.
                  | (rPois) [potion of mutation]
  8250 | D:5      | Gained mutation: Your muscles are strong. (Str +2) [potion
                  | of mutation]
  8474 | D:5      | Reached skill level 5 in Dodging
  8708 | D:5      | Found a staircase to the Ecumenical Temple.
  8714 | Temple   | Entered the Ecumenical Temple
  8846 | Temple   | Became a worshipper of Gozag Ym Sagoz the Greedy
  8908 | D:5      | Reached skill level 7 in Stealth
  9252 | D:5      | Identified a scroll of acquirement
  9252 | D:5      | Acquired a +4 ring of evasion
  9298 | D:6      | Reached skill level 1 in Fighting
 10169 | D:6      | Reached XP level 9. HP: 54/54 MP: 9/16
 10480 | D:6      | Reached skill level 5 in Conjurations
 10765 | D:6      | Reached skill level 5 in Spellcasting
 11302 | D:7      | Reached skill level 8 in Stealth
 11452 | D:7      | Identified the ring "Deibb" {Fire rElec rCorr Int+4 Slay-3}
 11469 | D:7      | Found a sparkling altar of Nemelex Xobeh.
 11472 | D:7      | Found an iron altar of Okawaru.
 13172 | D:7      | Found an ancient bone altar of Kikubaaqudgha.
 13175 | D:7      | Found a burning altar of Makhleb.
 13252 | D:8      | Reached XP level 10. HP: 63/63 MP: 13/18
 13554 | D:7      | Reached skill level 9 in Stealth
 14384 | D:8      | Learned a level 4 spell: Iskenderun's Mystic Blast
 14388 | D:8      | Learned a level 3 spell: Call Canine Familiar
 15775 | D:9      | Identified the +11 flail of Reinforcement {spect, Stlth+}
 15890 | D:9      | Reached skill level 10 in Stealth
 16071 | D:9      | Found a runed translucent door.
 16074 | D:9      | Noticed domi's ghost (novice DsWz)
 16075 | D:9      | Identified the +3 trident of the Purse {vamp, +Blink rElec
                  | Will- Stlth+}
 16173 | D:9      | Found a staircase to the Lair.
 16190 | D:9      | Learned a level 4 spell: Olgreb's Toxic Radiance
 16192 | D:9      | Learned a level 1 spell: Slow
 16525 | D:2      | Killed Crazy Yiuf
 16731 | D:10     | Entered Level 10 of the Dungeon
 16734 | D:10     | Reached skill level 5 in Fighting
 16884 | D:10     | Reached XP level 11. HP: 71/71 MP: 11/20
 17640 | D:10     | Noticed Snorg
 18010 | D:10     | Killed Snorg
 18011 | D:10     | Reached skill level 5 in Poison Magic
 18759 | Lair:1   | Entered Level 1 of the Lair of Beasts
 18772 | Lair:1   | Found a gate leading to a gauntlet.
 19069 | Gauntlet | Entered a Gauntlet
 19069 | Gauntlet | Noticed a spectral death yak
 19069 | Gauntlet | Found a transporter.
 19070 | Gauntlet | Noticed a death scarab
 19074 | Gauntlet | Noticed a spectral death yak
 19078 | Gauntlet | Found a transporter.
 19090 | Gauntlet | Found a transporter.
 19090 | Gauntlet | Noticed a ghost crab
 19094 | Gauntlet | Found a transporter.
 19123 | Gauntlet | Noticed a spectral catoblepas
 19130 | Gauntlet | Found a transporter.
 19138 | Gauntlet | Found a transporter.
 19138 | Gauntlet | Noticed a catoblepas
 19157 | Gauntlet | Found a transporter.
 19159 | Gauntlet | Noticed a cacodemon
 19161 | Gauntlet | Found a transporter.
 19164 | Gauntlet | Found a transporter.
 19164 | Gauntlet | Noticed a death scarab
 19165 | Gauntlet | Found a transporter.
 19166 | Gauntlet | Noticed a sixfirhy
 19167 | Gauntlet | Found a runed translucent door.
 19168 | Gauntlet | Noticed a sixfirhy
 19169 | Gauntlet | Found a runed translucent door.
 19169 | Gauntlet | Noticed a sixfirhy
 19173 | Gauntlet | Found a transporter.
 19244 | Gauntlet | Found a transporter.
 19311 | Gauntlet | Killed a ghost crab
 19312 | Gauntlet | Reached skill level 1 in Summonings
 19312 | Gauntlet | Reached skill level 1 in Translocations
 19411 | Gauntlet | HP: 2/72 [meliai/divine providence (14)]
 19418 | Gauntlet | HP: 1/72 [meliai/divine providence (14)]
 19433 | Gauntlet | Identified the +4 shortbow "Jatiozyo" {speed, MP+9 Str+4}
 19433 | Gauntlet | Noticed a minotaur
 19436 | Gauntlet | Mangled by a minotaur

Illustrated notes

Levels and vault maps discovered:
D:1:      minmay_arrival_jagged, layout_basic,
          hellmonk_ecumenical_altar_blasted, hangedman_decor_diamond_cutter
D:2:      layout_basic, uniq_robin, uniq_crazy_yiuf_cottage
D:3:      layout_loops_ring, lemuel_crystal_altar, kennysheep_potato
D:4:      lemuel_castle_with_subvaults [lemuel_castle_interior_carwin_3],
          layout_loops_ring, mainiacjoe_overflow_six_doors_small, serial_shops,
          shop, kennysheep_another_room, nicolae_figureground_pulse
D:5:      black_bear_nest_2, layout_loops_cross,
          minmay_temple_entry_enclosed_plants, serial_shops, kennysheep_mini
D:6:      layout_basic
D:7:      layout_basic, grunt_temple_overflow_cloverleaf
D:8:      layout_basic, enter_bailey_3, kennysheep_path_1,
          chequers_serial_rivers_micro_c
D:9:      layout_roguey, grunt_lair_entry_orc_guard_hut,
          ebering_ghost_funeral_grove
D:10:     layout_basic, uniq_snorg
Temple:   eino_temple_rhombus
Lair:1:   dreamdust_labyrinth, layout_long_grid, gauntlet_entry_generic,
          basic_altar, infiniplex_staircase_pool_2
Gauntlet: minmay_gauntlet_mixed_oops_all_seconds
          [minmay_gauntlet_arena_77_cramped, gammafunk_gauntlet_arena_spirals,
          minmay_gauntlet_arena_77_mirror, nicolae_gauntlet_arena_blocks,
          minmay_gauntlet_arena_77_fan, gammafunk_gauntlet_arena_mazey,
          gauntlet_exit_hidden_loot]

Skill      XL: |  1  2  3  4  5  6  7  8  9 10 11 |
---------------+----------------------------------+-----
Stealth        | 3 4 5 6 7 8 10 | 10.3
Conjurations   | 2 3 4 5 6 7 |  7.0
Dodging        | 3 4 5 6 7 |  7.6
Spellcasting   | 3 4 5 6 |  6.6
Fire Magic     | 4 5 6 7 |  7.6
Fighting       | 1 3 5 |  5.2
Poison Magic   | 7 |  7.9
Summonings     | 1 |  1.8
Translocations | 1 |  1.7

Action                   |  1- 3 |  4- 6 |  7- 9 | 10-12 || total
-------------------------+-------+-------+-------+-------++-------
Melee: Unarmed           |     4 |       |       |       ||     4
       Tentacles         |     7 |    16 |     8 |    12 ||    43
       Constrict         |     7 |    16 |     6 |     7 ||    36
       Short sword       |    42 |    57 |    52 |    10 ||   161
       Punch             |     1 |     1 |     1 |     2 ||     5
       Flail             |       |       |       |    20 ||    20
 Cast: Foxfire           |    18 |    24 |   105 |    70 ||   217
       Scorch            |    21 |    38 |   146 |   109 ||   314
       Flame Wave        |       |       |     4 |    10 ||    14
       Mephitic Cloud    |       |       |     2 |     2 ||     4
       Iskenderun's Myst |       |       |       |    10 ||    10
       Call Canine Famil |       |       |       |     2 ||     2
       Olgreb's Toxic Ra |       |       |       |     6 ||     6
Invok: Potion Petition   |       |       |       |     2 ||     2
  Use: Scroll            |     3 |     1 |    16 |     6 ||    26
       Potion            |       |     2 |     5 |     5 ||    12
 Stab: Sleeping          |     2 |     2 |       |       ||     4
Armor: Skin              |    16 |    11 |    26 |     2 ||    55
Dodge: Dodged            |    24 |    44 |    79 |   101 ||   248
Block: Buckler           |       |       |       |    15 ||    15

Table legend: (Time is in decaauts)
 A = Elapsed time spent in this place.
 B = Non-inter-level travel time spent in this place.
 C = Inter-level travel time spent in this place.
 D = Time resting spent in this place.
 E = Time spent auto-exploring this place.
 F = Levels seen in this place.
 G = Mean time per level.
                   A        B        C        D        E       F      G
               +--------+--------+--------+--------+--------+-----+--------+
         Total |  19491 |  18768 |    723 |   6610 |   9101 |  13 | 1499.3 |
       Dungeon |  18797 |  18089 |    708 |   6588 |   8720 |  10 | 1879.7 |
        Temple |    158 |    143 |     15 |      0 |    127 |   1 |  158.0 |
          Lair |    168 |    168 |      0 |     22 |     70 |   1 |  168.0 |
      Gauntlet |    367 |    367 |      0 |      0 |    184 |   1 |  367.0 |
               +--------+--------+--------+--------+--------+-----+--------+

Top non-repeatable levels by time:
     D:4: 3456 daAuts
     D:6: 2296 daAuts
     D:7: 2195 daAuts
     D:2: 1794 daAuts
     D:3: 1731 daAuts
     D:8: 1655 daAuts
     D:5: 1532 daAuts
    D:10: 1514 daAuts
     D:9: 1472 daAuts
     D:1: 1147 daAuts
Gauntlet: 367 daAuts
  Lair:1: 168 daAuts
  Temple: 158 daAuts
